 Dungeon Crawl Stone Soup version 0.16.0-16-g311141a (webtiles) character file.

74204 HungrySpirit the Brawler (level 15, -17/152 HPs)
             Began as a Troll Monk on Mar 19, 2015.
             Was a High Priest of Cheibriados.
             Demolished by a merfolk
             ... wielding a +0 trident
              (23 damage)
             ... on level 2 of the Shoals.
             The game lasted 01:02:22 (21747 turns).

HungrySpirit the Brawler (Troll Monk)              Turns: 21747, Time: 01:02:23

Health: -17/152    AC:  6    Str: 32    XL:     15   Next: 6%
Magic:  7/22       EV: 22    Int: 18    God:    Cheibriados [*****.]
Gold:   1862       SH:  0    Dex: 29    Spells: 0 memorised, 14 levels left

rFire  . . .     SeeInvis .       - Unarmed
rCold  . . .     Clarity  .     a - +0 robe (curse)
rNeg   . . .     SustAb   .     (shield restricted)
rPois  .         Gourm    +     T - +0 hat
rElec  .         Spirit   .     Q - +0 cloak (curse)
rCorr  .         Warding  .     (gloves unavailable)
rMut   .         Stasis   .     (boots unavailable)
MR     +....                    G - amulet of rage
Stlth  ++++......               r - ring of stealth (curse)
                                s - -3 ring of strength (curse)

@: lethally poisoned (-17 -> -21), about to teleport, manticore barbs, slowed,
very slow, somewhat resistant to hostile enchantments, stealthy
A: unfitting armour, claws 3, fast metabolism 3, gourmand, regeneration 2,
shaggy fur 1, tough skin 2
a: Bend Time, Temporal Distortion, Slouch, Step From Time, Renounce Religion,
Evoke Berserk Rage


You were on level 2 of the Shoals.
You worshipped Cheibriados.
Cheibriados was extremely pleased with you.
You were very full.

You visited 5 branches of the dungeon, and saw 29 of its levels.
You also visited: Ossuary.

You collected 2320 gold pieces.
You spent 458 gold pieces at shops.

Inventory:

Missiles
 K - 12 large rocks (quivered)
Armour
 a - a cursed +0 robe (worn)
 J - a +2 robe of magic resistance
 Q - a cursed +0 cloak (worn)
 T - a +0 hat (worn)
Jewellery
 r - a cursed ring of stealth (right claw)
 s - a cursed -3 ring of strength (left claw)
 x - a +4 ring of protection {unknown}
 G - an amulet of rage (around neck)
 P - an uncursed amulet of warding {unknown}
 V - a +3 ring of intelligence {unknown}
Magical devices
 u - a wand of digging (6)
 D - a wand of fireball (0)
 E - a wand of lightning (6)
 M - a wand of teleportation (0)
 X - a wand of teleportation (1)
 Z - a wand of cold (8)
Scrolls
 c - 5 scrolls of enchant armour {unknown}
 e - 20 scrolls of identify
 g - 14 scrolls of remove curse
 i - 6 scrolls of noise {unknown}
 l - 3 scrolls of amnesia {unknown}
 p - 6 scrolls of enchant weapon
 q - 4 scrolls of fog {unknown}
 v - 5 scrolls of random uselessness {unknown}
 y - 2 scrolls of magic mapping {unknown}
 B - 6 scrolls of teleportation
 H - 4 scrolls of immolation {unknown}
 O - 6 scrolls of recharging {unknown}
 R - a scroll of torment {unknown}
 S - 2 scrolls of fear {unknown}
Potions
 d - 5 potions of might {unknown}
 f - 2 potions of magic {unknown}
 h - 2 potions of haste {unknown}
 j - 16 potions of curing
 k - 3 potions of brilliance {unknown}
 m - 3 potions of agility {unknown}
 n - 2 potions of berserk rage {unknown}
 o - 3 potions of invisibility {unknown}
 w - a potion of cancellation {unknown}
 z - 2 potions of flight {unknown}
 A - a potion of resistance
 C - 3 potions of heal wounds
 I - a potion of experience {unknown}
 L - 3 potions of poison {unknown}
 N - 2 potions of mutation {unknown}
 U - 2 potions of lignification {unknown}
 W - 4 potions of restore abilities {unknown}
 Y - a potion of degeneration {unknown}
Comestibles
 b - 13 meat rations
 t - 13 bread rations
 F - 6 beef jerkies


   Skills:
 + Level 10.8 Fighting
 + Level 6.3 Throwing
 + Level 10.7 Dodging
 - Level 1.1 Stealth
 * Level 17.0 Unarmed Combat
 - Level 8.2 Invocations


You had 14 spell levels left.
You didn't know any spells.

Dungeon Overview and Level Annotations

Branches:
Dungeon (13/15)            Temple (1/1) D:7            Lair (8/8) D:10
 Shoals (3/5) Lair:4       Spider (0/5) Lair:3          Orc (4/4) D:9
    Elf (0/3) Orc:3
  Slime: Lair:6-8    Vaults: D:13-14

Altars:
Ashenzari
Cheibriados
Fedhas
Gozag
Kikubaaqudgha
Nemelex Xobeh
Okawaru
Qazlal
Ru
Sif Muna
Vehumet
Xom
Yredelemnul
Zin
The Shining One
Beogh

Shops:
D:4 (   D:7 ?   D:9 *%?   D:10 %   Orc:2 ?%[   Orc:4 :*([

Annotations:
Lair:5 exclusion: oklob plant
Shoals:2 exclusion: upstairs


Innate Abilities, Weirdness & Mutations

You are too large for most types of armour.
You have claws for hands.
Your metabolism is lightning-fast.
You like to eat raw meat.
You heal very quickly.
You are covered in fur (AC +1).
You have very tough skin (AC +2).


Message History

You mangle the water elemental!!!
You destroy the water elemental!
Cheibriados appreciates the change of pace.
You feel sick.
The merfolk aquamancer shouts!
The merfolk barely misses you.
You eviscerate the manticore!!!!
You kill the manticore!
Cheibriados appreciates the change of pace.
You feel sick.
You hear a screech!
The merfolk misses you.
Evoke which item? (* to show all) (? for menu, Esc to quit)
Zapping:
X - a wand of teleportation {zapped: 2} (will waste charges)
Press: ? - help, Shift-Dir - straight line, f - you You feel strangely unstable.
Evoking this partially-identified wand wasted a few charges.
You feel sick.
The merfolk hits you from afar with a trident!!
You die...

≈≈H ..≈≈≈≈≈≈≈
....≈≈≈≈≈≈≈
)...≈≈≈≈≈≈≈
....≈..≈≈≈≈ .#.
..(.≈≈≈≈≈≈
....##..m.≈≈≈≈≈
#.........≈≈≈≈
#....@†mE..≈≈≈
#.....†##..≈≈≈
##....## ≈
...≈≈..
#....≈≈. ###
#.....≈.. #...
....≈≈≈≈ ...≈≈
...≈≈≈≈≈ .≈≈≈≈≈
≈≈≈


You could see a merfolk aquamancer, a merfolk, a water elemental and a
hippogriff (wandering).

Vanquished Creatures
  Rupert (Lair:3)
  Maud (Lair:3)
  An orc warlord (Orc:4)
  Gastronok (Lair:1)
  4 hydras
  2 merfolk avatars (Shoals:1)
  Erica (D:11)
  A centaur warrior (D:13)
  2 orc high priests (Orc:4)
  Nergalle (D:13)
  4 sea snakes
  6 harpies
  3 hill giants
  4 orc knights (Orc:4)
  4 ugly things
  2 cyclopes (D:13)
  4 griffons
  3 orc sorcerers (Orc:4)
  4 manticores
  2 black mambas
  Joseph (D:11)
  A faun (Shoals:3)
  10 elephants
  3 molten gargoyles (D:12)
  A smoke demon (Orc:4)
  2 torpor snails
  4 spiny frogs
  A centaur skeleton (D:11)
  A gargoyle (D:11)
  7 komodo dragons
  7 trolls
  A two-headed ogre (Orc:3)
  2 polar bears (Lair:7)
  3 fire drakes
  5 merfolk (Shoals:1)
  A blue devil (Orc:4)
  A wind drake (Shoals:1)
  3 snapping turtles
  5 slime creatures (D:12)
  A boulder beetle (Orc:1)
  8 blink frogs
  A trapdoor spider (D:13)
  6 basilisks
  9 wyverns
  A shadow (D:13)
  A spriggan (Lair:7)
  2 deep elf magi
  2 water elementals
  50 yaks
  Eustachio (D:9)
  15 hippogriffs
  2 wargs
  5 wolves
  3 vampire mosquitoes (D:13)
  A hungry ghost (D:11)
  6 water moccasins
  8 porcupines
  5 sky beasts
  A hell hound (Lair:6)
  42 orc warriors
  2 wasps
  4 black bears
  11 ogres
  10 crocodiles
  An ice beast (D:13)
  2 boring beetles
  3 centaurs
  15 big kobolds
  22 giant frogs
  An elf zombie (D:6)
  3 elf skeletons (D:6)
  12 scorpions
  A water moccasin skeleton (D:7)
  6 wights
  5 killer bees (D:12)
  5 jellies
  6 centaur zombies
  3 goliath beetles
  10 crimson imps
  A giant frog zombie (D:9)
  3 giant frog skeletons
  23 orc priests
  2 wasp zombies (D:12)
  A human zombie (Ossuary)
  7 hounds
  A hell rat (Lair:1)
  21 orc wizards
  A lava snake (D:12)
  8 iguanas
  11 worker ants
  A sheep (D:11)
  3 big kobold zombies (Ossuary)
  A hound zombie (D:7)
  3 mummies (Ossuary)
  2 hound skeletons
  3 gnolls (D:7)
  28 river rats
  24 adders
  A scorpion zombie (Ossuary)
  2 giant mites
  2 worms
  3 shadow imps
  An adder zombie (D:7)
  An adder skeleton (D:7)
  2 oozes
  6 giant geckos
  189 orcs
  3 ball pythons
  A bat skeleton (D:4)
  3 bat zombies
  6 giant cockroaches
  34 goblins
  18 hobgoblins
  9 jackals
  35 kobolds
  19 quokkas
  12 bats
  2 giant newts
  2 giant spores (D:11)
  5 gnoll zombies (Ossuary)
  A goblin zombie (Ossuary)
  2 hobgoblin zombies (Ossuary)
  A jackal skeleton (D:8)
  3 kobold zombies (Ossuary)
  An orc skeleton (D:6)
  5 orc zombies
  2 quokka skeletons
  21 rats
  9 ballistomycetes
  A fungus (Lair:5)
948 creatures vanquished.

Vanquished Creatures (others)
  A molten gargoyle (D:12)
  A quasit (D:11)
  2 giant spores (D:8)
  A hobgoblin zombie (Ossuary)
  A ballistomycete (D:8)
  3 fungi
  51 tentacle segments (Shoals:3)
60 creatures vanquished.

Grand Total: 1008 creatures vanquished

Notes
Turn   | Place    | Note
--------------------------------------------------------------
     0 | D:1      | HungrySpirit, the Troll Monk, began the quest for the Orb.
     0 | D:1      | Reached XP level 1. HP: 22/22 MP: 1/1
   181 | D:1      | Reached XP level 2. HP: 19/29 MP: 1/1
   426 | D:1      | You fall through a shaft!
   600 | D:2      | Reached XP level 3. HP: 36/36 MP: 2/2
   677 | D:2      | Found a blossoming altar of Fedhas.
   678 | D:2      | Found an ancient bone altar of Kikubaaqudgha.
   833 | D:2      | Reached XP level 4. HP: 42/44 MP: 2/2
  1539 | D:3      | Reached skill level 5 in Unarmed Combat
  1729 | D:3      | Found a basalt altar of Yredelemnul.
  1738 | D:3      | Found a sparkling altar of Nemelex Xobeh.
  2049 | D:3      | Reached XP level 5. HP: 49/53 MP: 2/2
  2272 | D:4      | Found Totici's Weapon Shop.
  2423 | D:4      | Noticed an ogre
  2429 | D:4      | Killed an ogre
  2429 | D:4      | Reached skill level 6 in Unarmed Combat
  2429 | D:4      | Reached XP level 6. HP: 31/61 MP: 3/3
  2494 | D:4      | Found an opulent altar of Gozag.
  2771 | D:4      | You fall through a shaft!
  2771 | D:5      | Entered Level 5 of the Dungeon
  2834 | D:5      | Reached XP level 7. HP: 68/68 MP: 3/3
  3176 | D:5      | Reached skill level 7 in Unarmed Combat
  3999 | D:4      | Noticed a black bear
  4008 | D:4      | Killed a black bear
  4326 | D:6      | Reached XP level 8. HP: 71/79 MP: 3/3
  4343 | D:6      | Found a sand-covered staircase.
  4348 | D:6      | Reached skill level 8 in Unarmed Combat
  4391 | Ossuary  | Entered an ossuary
  4454 | Ossuary  | Reached skill level 5 in Fighting
  4456 | Ossuary  | Reached skill level 5 in Dodging
  4582 | Ossuary  | Reached skill level 9 in Unarmed Combat
  4783 | D:6      | Found a stormy altar of Qazlal.
  4887 | D:6      | Found a glowing golden altar of the Shining One.
  5125 | D:6      | Found a radiant altar of Vehumet.
  5216 | D:6      | Noticed an angel
  5216 | D:6      | Found a glowing silver altar of Zin.
  5216 | D:6      | Found a shimmering altar of Xom.
  5325 | D:6      | Reached XP level 9. HP: 88/88 MP: 4/4
  5521 | D:7      | Found Meci's Magic Scroll Shoppe.
  5532 | D:7      | Bought a scroll of identify for 28 gold pieces
  5911 | D:7      | Found a staircase to the Ecumenical Temple.
  5988 | Temple   | Entered the Ecumenical Temple
  6005 | Temple   | Became a worshipper of Cheibriados the Contemplative
  6005 | Temple   | Acquired Cheibriados' first power
  6207 | D:8      | Reached skill level 10 in Unarmed Combat
  6266 | D:8      | Reached skill level 1 in Invocations
  6713 | D:8      | Found a deep blue altar of Sif Muna.
  7494 | D:8      | Acquired Cheibriados' second power
  7531 | D:9      | Found a staircase to the Orcish Mines.
  7597 | D:9      | Reached XP level 10. HP: 87/100 MP: 8/8
  7620 | D:9      | Found Nevvan's Magic Scroll Emporium.
  7625 | D:9      | Bought a scroll of enchant weapon for 105 gold pieces
  7666 | D:9      | Found a sacrificial altar of Ru.
  7718 | D:9      | Found a shimmering altar of Xom.
  7718 | D:9      | Found a shimmering altar of Xom.
  7719 | D:9      | Found a shimmering altar of Xom.
  7720 | D:9      | Found Ashiul's Food Shoppe.
  7843 | D:9      | Found a shimmering altar of Xom.
  7858 | D:9      | Noticed Eustachio
  7861 | D:9      | Found a shimmering altar of Xom.
  7863 | D:9      | Killed Eustachio
  7863 | D:9      | Reached skill level 11 in Unarmed Combat
  7864 | D:9      | Found a shimmering altar of Xom.
  7917 | D:9      | Acquired Cheibriados' third power
  8103 | D:9      | Found Mnaxzitt's General Store.
  8119 | D:9      | Bought a potion of curing for 33 gold pieces
  8119 | D:9      | Bought 6 large rocks for 46 gold pieces
  8262 | D:10     | Entered Level 10 of the Dungeon
  8361 | D:10     | Acquired Cheibriados' fourth power
  8598 | D:10     | Found a staircase to the Lair.
  8598 | D:10     | Noticed an elephant
  8611 | D:10     | Killed an elephant
  8620 | D:10     | Reached skill level 1 in Throwing
  8817 | D:10     | Found Niru's Food Shop.
  8920 | D:10     | Reached XP level 11. HP: 85/109 MP: 12/12
  9148 | D:10     | Reached skill level 12 in Unarmed Combat
  9297 | D:11     | Noticed Erica
  9308 | D:11     | Killed Erica
  9552 | D:11     | Noticed an eight-headed hydra
  9556 | D:11     | Killed a nine-headed hydra
  9556 | D:11     | Reached skill level 5 in Invocations
  9770 | D:11     | Noticed Joseph
  9783 | D:11     | Killed Joseph
 10129 | Lair:1   | Entered Level 1 of the Lair of Beasts
 10157 | Lair:1   | Noticed Gastronok
 10188 | Lair:1   | Killed Gastronok
 10914 | Lair:1   | Reached skill level 13 in Unarmed Combat
 11070 | Lair:2   | Reached XP level 12. HP: 41/119 MP: 10/16
 12224 | Lair:3   | Found a hole to the Spider Nest.
 12261 | Lair:3   | Found a labyrinth entrance.
 12460 | Lair:3   | Noticed Maud
 12475 | Lair:3   | Killed Maud
 12475 | Lair:3   | Reached skill level 14 in Unarmed Combat
 12775 | Lair:3   | Noticed Rupert
 12788 | Lair:3   | Killed Rupert
 13249 | Lair:4   | Found a staircase to the Shoals.
 13264 | Lair:4   | Noticed a six-headed hydra
 13272 | Lair:4   | Killed a six-headed hydra
 13456 | Lair:4   | Reached XP level 13. HP: 111/130 MP: 20/20
 15259 | Lair:8   | Entered Level 8 of the Lair of Beasts
 15267 | Lair:8   | Reached skill level 15 in Unarmed Combat
 16028 | Lair:1   | Noticed a seven-headed hydra
 16078 | Orc:1    | Entered Level 1 of the Orcish Mines
 16087 | Orc:1    | Reached skill level 10 in Dodging
 16728 | Orc:2    | Found Ehiduup's Antique Armour Shoppe.
 16923 | Orc:2    | Found Maurai's Food Shoppe.
 16958 | Orc:2    | Found Aluymute's Magic Scroll Boutique.
 16979 | Orc:2    | Bought a scroll of teleportation for 51 gold pieces
 16979 | Orc:2    | Bought a scroll of remove curse for 51 gold pieces
 17264 | Orc:3    | Found an ancient bone altar of Kikubaaqudgha.
 17492 | Orc:3    | Found a staircase to the Elven Halls.
 17526 | Orc:3    | Reached XP level 14. HP: 141/141 MP: 21/21
 17997 | Orc:4    | Entered Level 4 of the Orcish Mines
 18107 | Orc:4    | Found a roughly hewn altar of Beogh.
 18169 | Orc:4    | Found Klocs' Book Emporium.
 18322 | Orc:4    | Noticed an orc warlord
 18322 | Orc:4    | Reached skill level 10 in Fighting
 18330 | Orc:4    | Killed an orc warlord
 18332 | Orc:4    | Found Qengey Meza's Antique Weapon Boutique.
 18419 | Orc:4    | Reached skill level 16 in Unarmed Combat
 18559 | Orc:4    | Found Suxeav's General Store.
 18603 | Orc:4    | Bought a potion of heal wounds for 90 gold pieces
 18603 | Orc:4    | Bought a potion of curing for 54 gold pieces
 19055 | Orc:4    | Found Cely's Antique Armour Shoppe.
 19255 | D:11     | Noticed a hill giant
 19264 | D:11     | Killed a hill giant
 19282 | D:12     | Reached skill level 5 in Throwing
 19636 | D:12     | Found an iron altar of Okawaru.
 20193 | D:13     | Noticed Nergalle
 20205 | D:13     | Killed Nergalle
 21083 | Shoals:1 | Entered Level 1 of the Shoals
 21579 | Shoals:1 | Reached XP level 15. HP: 152/152 MP: 2/22
 21581 | Shoals:1 | Reached skill level 17 in Unarmed Combat
 21733 | Shoals:3 | Noticed a kraken
 21745 | Shoals:2 | HP: 7/152 [poisoned by a sea snake]
 21747 | Shoals:2 | Demolished by a merfolk

Action                   |  1- 3 |  4- 6 |  7- 9 | 10-12 | 13-15 || total
-------------------------+-------+-------+-------+-------+-------++-------
Melee: Unarmed           |    57 |   115 |   346 |   510 |   694 ||  1722
Throw: Large rock        |       |       |       |     4 |    10 ||    14
Invok: Slouch            |       |       |       |     7 |    19 ||    26
       Temporal Distorti |       |       |       |       |     3 ||     3
Evoke: Wand              |       |       |     1 |     2 |     7 ||    10
 Stab: Sleeping          |     2 |     3 |    16 |    14 |    14 ||    49
       Distracted        |       |       |     2 |     5 |     9 ||    16
       Paralysed         |       |       |     2 |       |       ||     2
  Eat: Chunk             |    11 |    17 |    41 |    32 |    49 ||   150
       Fruit             |       |       |       |       |     5 ||     5
       Beef jerky        |       |       |       |       |     3 ||     3
       Royal jelly       |       |       |       |       |     1 ||     1
